AoeStats
← The_Lord

Arena

508251543Analyzed
3v3 RM · 12d ago on Sep 21, 2026· 44m 5s· 6 players
Game mode
Random Map
Map size
Normal (6 player)
Population
200
Speed
Normal
Resources
Standard
Victory
Conquest
Starting age
Dark Age
Ending age
Imperial Age
RankedLock teamsTeams togetherTeam positionsShared explorationLock speedFull tech treeHidden civsTurbo modeCheats
Victory
Defeat
🇩🇪 Italians · Germany
1344
+14
🇩🇪 Burgundians · Germany
1340
+14
🇩🇪 Goths · Germany
1288
+16
🇦🇹 Mongols · Austria
1352
-18
🇨🇴 Slavs · Colombia
1266
-13
🇦🇹 Romans · Austria
1265
-13
EZ WIN
10:19 Feudal Age
11:30 Loom
13:54 Castle Age
12:16 Double-Bit Axe
16:33 Fletching
22:51 Padded Archer Armor
23:20 Bow Saw
24:09 Bodkin Arrow
25:50 Nomads
29:31 Imperial Age
28:04 Leather Archer Armor
27:44 Horse Collar
28:41 Nomads
29:00 Bloodlines
30:06 Wheelbarrow
30:09 Nomads
30:25 Bracer
30:01 Capped Ram
30:46 Town Watch
30:44 Pikeman
31:35 Husbandry
34:46 Hand Cart
34:30 Light Cavalry
35:39 Scale Barding Armor
35:45 Forging
36:21 Ballistics
37:02 Chemistry
35:29 Hussar
37:13 Conscription
36:50 Cavalier
37:37 Heavy Plow
37:59 Chain Barding Armor
Namun
9:53 Feudal Age
14:18 Castle Age
12:46 Double-Bit Axe
13:42 Gold Mining
13:50 Horse Collar
20:14 Heavy Plow
20:11 Loom
21:46 Bow Saw
22:59 Coinage
28:45 Gold Shaft Mining
31:49 Wheelbarrow
33:31 Hand Cart
36:55 Imperial Age
34:42 Fletching
34:52 Padded Archer Armor
35:40 Ballistics
35:32 Fortified Wall
35:33 Masonry
36:28 Stone Mining
37:22 Leather Archer Armor
37:03 Bodkin Arrow
37:04 Heavy Scorpion
38:43 Ring Archer Armor
38:50 Crop Rotation
39:57 Chemistry
41:38 Architecture
42:06 Siege Engineers
42:21 Murder Holes
44:01 Conscription
43:47 Ballistas
[IMGG]Poncho
10:09 Feudal Age
10:56 Feudal Age
14:38 Castle Age
12:36 Double-Bit Axe
13:02 Horse Collar
14:47 Gold Mining
15:50 Bow Saw
16:01 Heavy Plow
24:15 Imperial Age
22:26 Scale Mail Armor
23:30 Chain Mail Armor
23:57 Forging
24:05 Pikeman
25:03 Capped Ram
26:56 Squires
29:46 Chemistry
30:50 Iron Casting
31:34 Onager
31:39 Halberdier
33:07 Plate Mail Armor
34:10 Wheelbarrow
35:18 Blast Furnace
35:00 Ballistics
36:04 Siege Onager
38:59 Siege Ram
40:16 Masonry
42:45 Loom
43:37 Conscription
Guwe-Fuckin'-Rotz
10:28 Feudal Age
11:31 Double-Bit Axe
14:22 Castle Age
12:07 Horse Collar
13:03 Stone Mining
13:06 Gold Mining
13:09 Stone Mining
15:27 Bow Saw
17:46 Wheelbarrow
22:16 Heavy Plow
26:58 Imperial Age
24:53 Fletching
25:36 Bodkin Arrow
25:33 Loom
26:43 Hand Cart
26:45 Padded Archer Armor
27:53 Ballistics
28:43 Chemistry
27:33 Town Watch
28:37 Bracer
29:04 Masonry
33:00 Architecture
32:11 Treadmill Crane
31:52 Elite Genoese Crossbowman
33:33 Leather Archer Armor
34:02 Thumb Ring
35:28 Ring Archer Armor
35:09 Forging
35:04 Scale Barding Armor
35:51 Bloodlines
35:41 Husbandry
36:10 Light Cavalry
37:07 Hussar
39:13 Chain Barding Armor
39:28 Iron Casting
39:57 Conscription
44:20 Two-Man Saw
44:15 Plate Barding Armor
Tumirnix
5:46 Double-Bit Axe
9:53 Horse Collar
12:00 Feudal Age
15:32 Castle Age
14:31 Bow Saw
20:06 Stone Mining
22:21 Gold Mining
25:30 Wheelbarrow
25:14 Loom
29:48 Imperial Age
27:55 Heavy Plow
29:33 Hand Cart
29:31 Scale Barding Armor
29:38 Forging
30:38 Gold Shaft Mining
31:39 Chain Barding Armor
31:48 Masonry
31:19 Cavalier
32:59 Fletching
33:59 Town Watch
34:36 Husbandry
35:12 Plate Barding Armor
36:33 Iron Casting
40:18 Paladin
43:32 Blast Furnace
44:53 Conscription
The_Lord
0:37 Loom
11:09 Feudal Age
13:31 Double-Bit Axe
13:29 Horse Collar
15:52 Castle Age
17:37 Bow Saw
18:14 Heavy Plow
26:11 Wheelbarrow
29:39 Imperial Age
28:04 Hand Cart
28:02 Scale Mail Armor
28:18 Forging
29:27 Anarchy
29:30 Squires
29:50 Chain Mail Armor
30:59 Iron Casting
31:13 Perfusion
31:34 Conscription
32:27 Elite Huskarl
36:20 Blast Furnace
34:45 Pikeman
35:13 Halberdier
35:21 Halberdier
Connection lost

Rejoining the realm…

Still unreachable

The connection could not be restored.

Session expired

The server has moved on; the page needs a fresh start.